 Dungeon Crawl Stone Soup version 0.30-a0-187-gd9c2deaf24 (webtiles) character file.

Game seed: 6683735616434250919

423035 zishaf the Rapturous (level 23, -27/137 (144) HPs)
             Began as a Vine Stalker Brigand on Oct 3, 2022.
             Was a Follower of Uskayaw.
             Killed from afar by a ghostly deep elf sorcerer (40 damage)
             ... with damnation
             ... on level 3 of the Elven Halls.
             The game lasted 01:39:14 (39499 turns).

zishaf the Rapturous (Vine Stalker Brigand)        Turns: 39499, Time: 01:39:14

HP:   -27/137 (144) AC: 43    Str: 22    XL:     23   Next: 75%
MP:   0/39          EV: 13    Int: 11    God:    Uskayaw [*.....]
Gold: 292           SH:  0    Dex: 24    Spells: 22/22 levels left

rFire   . . .      SeeInvis .    v - +12 pair of quick blades "Gyre" and "Gimble" {protect}
rCold   + . .      Faith    .    (shield currently unavailable)
rNeg    . . .      Spirit   +    d - +15 Maxwell's patent armour {-Cast -Tele rElec Will+ rCorr}
rPois   +          Reflect  .    W - +2 hat "Iplumos" {rC+ Dex+2 Slay+3}
rElec   +          Harm     .    U - +2 cloak {rPois}
rCorr   +          Rampage  +    X - +2 pair of gloves {Str+3}
Will    +++..      NoTele   +    Q - +2 pair of boots {rampage}
Stlth   +++....... NoCast   +    p - amulet of Mautohuf {Fly Regen+}
HPRegen 2.02/turn                j - +4 ring of slaying
MPRegen 0.26/turn                M - ring of Shadows {Umbra +Inv Stlth+}

@: flying, hasted, wreathed by umbra, lightly drained, very quick
A: fangs 3, regeneration 1, magic shield, antimagic bite, no potion heal 2,
screaming 1, evolution 1
}: 2/15 runes: decaying, serpentine
a: Renounce Religion, Evoke Invisibility, Stomp


You were on level 3 of the Elven Halls.
You worshipped Uskayaw.
Uskayaw was greatly pleased with you.
You visited 9 branches of the dungeon, and saw 41 of its levels.
You visited the Abyss 1 time.
You visited 1 bazaar.
You also visited: Gauntlet and Ice Cave.

You collected 5129 gold pieces.
You spent 4837 gold pieces at shops.

Inventory:

Hand Weapons
 v - the +12 pair of quick blades "Gyre" and "Gimble" (weapon) {protect}
   (You bought it in a shop on level 2 of the Orcish Mines)

   It grants its wielder temporary protection when it strikes (+7 to AC).
Missiles
 e - 4 curare-tipped darts (quivered)
 h - 3 throwing nets
 y - 24 boomerangs
 F - 2 boomerangs of dispersal
 V - 6 javelins
 Y - 6 silver javelins
Armour
 d - the +15 Maxwell's patent armour (worn) {-Cast -Tele rElec Will+ rCorr}
   (You found it on level 3 of the Elven Halls)

   rElec:     It insulates you from electricity.
   -Cast:     It prevents spellcasting.
   -Tele:     It prevents most forms of teleportation.
   rCorr:     It protects you from acid and corrosion.
   Will:      It increases your willpower.
 E - a +8 crystal plate armour of cold resistance
 Q - a +2 pair of boots of rampaging (worn)
 U - a +2 cloak of poison resistance (worn)
 W - the +2 hat "Iplumos" (worn) {rC+ Dex+2 Slay+3}
   (You found it on level 3 of the Vaults)

   Dex:       It affects your dexterity (+2).
   Slay:      It affects your accuracy & damage with ranged weapons and melee
   (+3).
   rC:        It protects you from cold.
 X - a +2 pair of gloves of strength (worn)
Jewellery
 j - a +4 ring of slaying (left hand)
 p - the amulet of Mautohuf (around neck) {Fly Regen+}
   (You took it off a minotaur in a Gauntlet)

   [amulet of regeneration]

   Fly:       It grants you flight.
   Regen:     It increases your rate of health regeneration.
 z - a ring of protection from fire
 D - a ring of protection from cold
 M - the ring of Shadows (right hand) {Umbra +Inv Stlth+}
   (You bought it in a shop on level 1 of the Orcish Mines)

   [ring of stealth]

   It surrounds you with an aura of shadow, increasing your stealth and reducing
   the accuracy of all others within it.
   +Inv:      It lets you turn invisible.
   Stlth:     It makes you more stealthy.
Wands
 a - a wand of iceblast (36)
 f - a wand of charming (37)
 A - a wand of quicksilver (46)
 H - a wand of mindburst (22)
 J - a wand of polymorph (28)
 L - a wand of digging (4)
 S - a wand of flame (32)
Scrolls
 k - 12 scrolls of teleportation
 q - 2 scrolls of summoning
 w - 10 scrolls of fog
 C - 12 scrolls of blinking
 G - 4 scrolls of magic mapping
 I - 4 scrolls of silence
 P - 3 scrolls of poison
 T - 5 scrolls of fear
Potions
 b - 11 potions of lignification
 c - 6 potions of invisibility
 g - 8 potions of cancellation
 m - 5 potions of haste
 n - 5 potions of mutation
 o - 16 potions of curing
 r - 10 potions of might
 t - 5 potions of ambrosia
 x - 5 potions of attraction
 B - 5 potions of resistance
 N - 4 potions of brilliance
 O - 7 potions of magic
 R - 2 potions of berserk rage
Miscellaneous
 Z - a phial of floods


   Skills:
 + Level 23.6 Fighting
 - Level 8.0(8.9) Short Blades
 - Level 6.0(8.0) Long Blades
 - Level 4.0 Throwing
 + Level 12.9 Armour
 - Level 9.0 Dodging
 - Level 12.0 Stealth
 - Level 8.3 Shields
 + Level 23.6 Invocations
 - Level 14.0 Evocations


You had 22 spell levels left.
You didn't know any spells.
Your spell library contained the following spells:

 Spells                   Type           Power      Damage    Failure   Level
 Apportation              Tloc           0%         N/A       98%         1
 Beastly Appendage        Tmut           0%         N/A       98%         1
 Freeze                   Ice            0%         1d3       98%         1
 Necrotise                Necr           0%         1d4       98%         1
 Shock                    Conj/Air       0%         1d3       98%         1
 Summon Small Mammal      Summ           0%         N/A       98%         1
 Cigotuvi's Dreadful Rot  Necr/Pois/Air  0%         N/A       99%         2
 Ensorcelled Hibernation  Hex/Ice        0%         N/A       99%         2
 Momentum Strike          Conj/Tloc      0%         3d8       99%         2
 Searing Ray              Conj           0%         2d4       99%         2
 Static Discharge         Conj/Air       0%         2-2/arc   99%         2
 Sublimation of Blood     Necr           0%         N/A       99%         2
 Wereblood                Tmut           0%         N/A       99%         2
 Call Canine Familiar     Summ           0%         N/A       100%        3
 Dazzling Flash           Conj/Hex       0%         N/A       100%        3
 Frozen Ramparts          Ice            0%         1d1       100%        3
 Gell's Gravitas          Tloc           0%         N/A       100%        3
 Hailstorm                Conj/Ice       0%         3d3       100%        3
 Ignite Poison            Fire/Tmut/Pois 0%         N/A       100%        3
 Inner Flame              Hex/Fire       0%         N/A       100%        3
 Ozocubu's Armour         Ice            0%         N/A       100%        3
 Portal Projectile        Hex/Tloc       0%         N/A       100%        3
 Spider Form              Tmut/Pois      0%         N/A       100%        3
 Swiftness                Air            0%         N/A       100%        3
 Teleport Other           Tloc           0%         N/A       100%        3
 Tukima's Dance           Hex            0%         N/A       100%        3
 Vhi's Electric Charge    Tloc/Air       0%         N/A       100%        3
 Airstrike                Air            0%         2d(0-16)  100%        4
 Anguish                  Hex/Necr       0%         N/A       100%        4
 Cause Fear               Hex            0%         N/A       100%        4
 Ice Form                 Ice/Tmut       0%         N/A       100%        4
 Iskenderun's Mystic Bla  Conj/Tloc      0%         2d3       100%        4
 Leda's Liquefaction      Hex/Erth       0%         N/A       100%        4
 Passage of Golubria      Tloc           0%         N/A       100%        4
 Petrify                  Tmut/Erth      0%         N/A       100%        4
 Agony                    Necr           0%         N/A       100%        5
 Alistair's Intoxication  Tmut/Pois      0%         N/A       100%        5
 Arcjolt                  Conj/Air       0%         1d10      100%        5
 Blade Hands              Tmut           0%         N/A       100%        5
 Borgnjor's Vile Clutch   Necr/Erth      0%         N/A       100%        5
 Irradiate                Conj/Tmut      0%         3d11      100%        5
 Iskenderun's Battlesphe  Conj           0%         2d6       100%        5
 Lightning Bolt           Conj/Air       0%         1d11      100%        5
 Silence                  Hex/Air        0%         N/A       100%        5
 Summon Forest            Summ/Tloc      0%         N/A       100%        5
 Summon Mana Viper        Hex/Summ       0%         N/A       100%        5
 Yara's Violent Unravell  Hex/Tmut       0%         3d3       100%        5
 Death Channel            Necr           0%         N/A       100%        6
 Dispersal                Tloc           0%         N/A       100%        6
 Eringya's Noxious Bog    Tmut/Pois      0%         N/A       100%        6
 Iron Shot                Conj/Erth      0%         9d1       100%        6
 Simulacrum               Ice/Necr       0%         N/A       100%        6
 Summon Cactus Giant      Summ           0%         N/A       100%        6
 Dragon Form              Tmut           0%         N/A       100%        7
 Enfeeble                 Hex            0%         N/A       100%        7
 Ozocubu's Refrigeration  Ice            0%         4d7       100%        7
 Spellforged Servitor     Conj/Summ      0%         N/A       100%        7
 Discord                  Hex            0%         N/A       100%        8
 Maxwell's Capacitive Co  Air            0%         ∞         100%        8
 Chain Lightning          Conj/Air       0%         N/A       100%        9
 Dragon's Call            Summ           0%         N/A       100%        9
 Fire Storm               Conj/Fire      0%         5d1       100%        9
 Shatter                  Erth           0%         3d5*      100%        9


Dungeon Overview and Level Annotations

Branches:
Dungeon (15/15)            Temple (1/1) D:4            Lair (5/5) D:8
  Swamp (4/4) Lair:3        Snake (4/4) Lair:2        Slime (0/5) Lair:5
    Orc (2/2) D:9             Elf (3/3) Orc:2        Vaults (4/5) D:14
  Crypt (0/3) Vaults:2     Depths (3/4) D:15          IceCv (visited)
Gauntlet (visited)

Altars:
Ashenzari
Cheibriados
Dithmenos
Elyvilon
Fedhas
Gozag
Hepliaklqana
Kikubaaqudgha
Makhleb
Okawaru
Qazlal
Sif Muna
Trog
Uskayaw
Vehumet
Wu Jian
Xom
Yredelemnul
The Shining One
Jiyva

Shops:
D:4 (   D:13 ?   Orc:1 ***=   Orc:2 [(![*(*   Elf:3 (   Snake:2 [   Snake:3 (
Vaults:2 =   Vaults:3 [   Vaults:4 [   Depths:1 :=::   Depths:2 [

Portals:
Hell: Depths:1 Depths:2
Pandemonium: Depths:2
Ziggurat: Depths:1
Trove: Elf:2 (give +7 demon blade)


Innate Abilities, Weirdness & Mutations

You have razor-sharp teeth.
Your natural rate of healing is unusually fast.
When hurt, damage is shared between your health and your magic reserves.
Your bite disrupts and absorbs the magic of your enemies.
Potions cannot restore your health.
You occasionally shout uncontrollably at your foes.
You have hidden genetic potential.


Message History

The earth elemental completely resists.
The bolt of negative energy hits the ghostly deep elf sorcerer.
The ghostly deep elf sorcerer completely resists.
The bolt of negative energy misses you.
The deep elf zephyrmancer gestures at you while chanting.
The bolt of lightning hits you. You resist.
Some walls begin to move on their own!
The ghostly deep elf sorcerer points at you and mumbles some strange words.
You resist with almost no effort.
You hear a shout!
You hit the earth elemental but do no damage.
Your weapon exudes an aura of protection.
You bite the earth elemental! You drain its power. You hit the earth elemental.
There is a large open door here.
The ghostly deep elf sorcerer points at you and mumbles some strange words.
You resist with almost no effort.
The deep elf death mage is engulfed in blazing flames.
You hear rumbling.
The ghostly deep elf sorcerer casts a spell at you.
The bolt of acid hits you! You resist.
The ghostly deep elf sorcerer points at you and mumbles some strange words.
You resist with almost no effort.
The ghostly deep elf sorcerer gestures at you while chanting.
The bolt of acid hits you! You resist.
There is an open door here.
The ghostly deep elf sorcerer seems less brilliant.
The ghostly deep elf sorcerer seems less brilliant.
You hear rumbling.
You can no longer pass through a line of other dancers.
You are no longer corroded.
You hear rumbling.
The ghostly deep elf sorcerer points at you and mumbles some strange words.
The sphere of damnation explodes!
The damnation engulfs you!!!
* * * LOW HITPOINT WARNING * * *
The ghostly deep elf sorcerer gestures at you while chanting.
The sphere of damnation explodes!
The damnation engulfs you!!
* * * LOW HITPOINT WARNING * * *
The ghostly deep elf sorcerer casts a spell at you.
The sphere of damnation explodes!
The damnation engulfs you!!!
You die...

###.######.#####.# ##. #.# #.#
#.# ## #.# #.# #.# # ##'######'##
##'######
##..........###.[.....##
#............#.........##
#.......................## ####
'!.....................e.#####..E
#...............@.....e...'.*....
#.<.......................##..###
#.#.......8..............###..#
#.##..........#...(.....## #..#
#.###...8.∩.8.##.......## #''#
..# #####'<######''##..... ....
### #.8# #..##........[.. # #..#
#..##............ #.##
#..##............


You could see 2 ghostly deep elf sorcerers.

Vanquished Creatures
  Mara (Snake:3)
  Sojobo (Vaults:3)
  Boris (Vaults:3)
  Vashnia (Snake:3)
  Saint Roka (Vaults:3)
  Nikola (Swamp:3)
  A bone dragon (Vaults:2)
  3 tentacled monstrosities
  2 titans (Depths:2)
  2 deep elf blademasters
  Asterion (Elf:2)
  Gastronok (Lair:3)
  2 sphinxes
  A thorn hunter (Swamp:4)
  3 shadow dragons
  7 tengu reavers
  10 nagarajas
  2 fenstrider witches
  8 deep elf sorcerers
  5 fire giants
  Aizul (Snake:3)
  8 frost giants
  18 vault wardens
  A balrug (Abyss:2)
  2 deep elf elementalists (Elf:3)
  13 ironbound preservers
  2 orc warlords
  8 ironbound thunderhulks
  15 very ugly things
  3 eleionomae
  9 stone giants
  A white draconian (IceCv)
  5 deep elf demonologists
  3 deep elf annihilators
  A minotaur (Gauntlet)
  2 bunyips
  19 dire elephants
  2 deep elf death magi
  A blizzard demon (Depths:2)
  A crystal guardian (Vaults:4)
  6 ettins
  A shambling mangrove (Swamp:4)
  12 great orbs of eyes
  8 yaktaur captains
  2 deep elf high priests
  An entropy weaver (Vaults:3)
  The ghost of pigah the Zephyrmancer, a journeyman OpAE of Gozag (Lair:1)
  2 rakshasas
  4 fire dragons
  15 vault guards
  A hell beast (Gauntlet)
  3 catoblepae (Lair:5)
  12 centaur warriors
  A peacekeeper (Vaults:4)
  4 spriggan air magi (Depths:2)
  5 ice dragons
  23 hydras
  11 boulder beetles
  An ogre mage (Vaults:3)
  19 ironbound frosthearts
  A ghost crab (Swamp:3)
  8 anacondas
  14 naga warriors
  9 alligators
  20 dancing weapons
  7 deep troll earth magi
  A juggernaut simulacrum (Depths:1)
  2 two-headed ogres
  13 naga sharpshooters
  4 tengu warriors (D:14)
  4 deep troll shamans
  12 orc high priests
  19 death yaks
  8 shock serpents
  A spriggan berserker (Depths:2)
  5 hell knights (Depths:1)
  10 deep elf knights
  Amaemon (D:9)
  Lodul (D:11)
  A soul eater (Depths:2)
  The ghost of Darkkill the Skirmisher, a novice DrHu (D:7)
  A shadow wraith (Abyss:2)
  The ghost of ytrimaz the Martial Artist, a novice DjTm of Hepliaklqana (D:8)
  A salamander mystic (Snake:4)
  5 skeletal warriors
  A sixfirhy (Depths:2)
  A wretched star (Abyss:2)
  48 deep trolls
  7 iron trolls
  3 spriggan druids
  6 goliath frogs
  9 sea snakes (Snake:4)
  A flayed ghost (Depths:1)
  5 bog bodies (Swamp:3)
  7 swamp dragons (Swamp:4)
  9 wizards
  A bunyip skeleton (Swamp:3)
  2 bunyip zombies (Swamp:3)
  8 deep elf archers
  An orange crystal statue (IceCv)
  A tengu zombie (Depths:2)
  5 naga ritualists
  18 ironbound convokers
  25 deep elf pyromancers
  3 glowing orange brains
  4 orc knights
  Pikel (D:6)
  4 harpies
  11 lindwurms
  34 deep elf zephyrmancers
  5 necromancers
  A phantasmal warrior (Vaults:3)
  18 mana vipers
  A faun (shapeshifter) (D:14)
  6 manticores
  6 cyclopes
  A manticore (shapeshifter) (D:13)
  3 will-o-the-wisps
  2 worldbinders (Abyss:2)
  2 orc sorcerers
  6 salamanders
  64 ugly things
  3 fire giant zombies
  Joseph (D:9)
  A stone giant skeleton (Depths:1)
  10 vault sentinels
  2 rust devils (Depths:2)
  Maurice (Orc:2)
  A water nymph (shapeshifter) (Vaults:2)
  11 naga magi
  26 black mambas
  7 guardian serpents
  A smoke demon (Abyss:2)
  Maggie (D:6)
  An apocalypse crab (Abyss:2)
  An orange demon (D:9)
  6 elephants
  13 cane toads
  A torpor snail (Lair:4)
  A kobold demonologist (D:10)
  A storm dragon simulacrum (Abyss:2)
  11 komodo dragons
  26 rime drakes
  2 efreet
  An unseen horror (D:12)
  2 hellwings (Depths:2)
  A bunyip simulacrum (Abyss:2)
  An ice devil (Abyss:2)
  A spark wasp simulacrum (Depths:2)
  34 yaktaurs
  3 freezing wraiths
  An ancient zyme (Abyss:2)
  2 tengu conjurers
  8 trolls
  10 polar bears
  A bloated husk (Swamp:4)
  2 red devils (Depths:2)
  A queen bee (shapeshifter) (Elf:2)
  A meliai (shapeshifter) (Vaults:3)
  6 hornets
  11 tyrant leeches
  2 raiju (Abyss:2)
  8 blink frogs
  20 slime creatures
  4 dream sheep (Lair:5)
  9 flying skulls
  A frost giant simulacrum (Depths:1)
  A ynoxinul (Abyss:2)
  7 spriggans
  12 starcursed masses (Abyss:2)
  A black mamba zombie (Abyss:2)
  2 air elementals (Elf:2)
  A shadow (D:10)
  A wraith (D:14)
  13 water elementals
  67 yaks
  5 basilisks
  2 chaos spawn (Abyss:2)
  3 redbacks (Vaults:3)
  A spriggan simulacrum (Swamp:3)
  A steam dragon (D:9)
  Menkaure (D:6)
  20 swamp worms
  Edmund (D:6)
  7 vampire mosquitoes
  9 wargs
  34 nagas
  Duvessa (D:7)
  3 acid dragons
  14 water moccasins
  3 hell hounds
  7 swamp drakes (Swamp:4)
  An ice beast (D:6)
  2 sky beasts (D:7)
  16 orc warriors
  A black bear (D:5)
  A black bear (shapeshifter) (Depths:2)
  12 ogres
  5 boggarts (Vaults:3)
  A hornet zombie (Swamp:3)
  10 wolves
  7 centaurs
  2 phantoms
  A kobold brigand (D:9)
  13 bullfrogs
  A necrophage (D:8)
  3 scorpions
  6 earth elementals
  2 gnoll sergeants
  Dowan (D:7)
  A small abomination (Abyss:2)
  6 electric eels
  7 howler monkeys
  41 orc priests
  3 hounds
  An iron imp (Abyss:2)
  6 iguanas
  26 orc wizards
  3 centaur simulacra (D:10)
  14 gnolls
  5 adders
  3 shadow imps
  6 white imps
  An ufetubus (Abyss:2)
  4 dart slugs
  89 orcs
  3 bats
  3 endoplasms
  A giant cockroach (D:2)
  11 goblins
  3 hobgoblins
  3 quokkas
  8 ball pythons
  2 frilled lizards (D:2)
  8 kobolds
  A lurking horror (Abyss:2)
1600 creatures vanquished.

Vanquished Creatures (others)
  A rime drake (IceCv)
  2 bloated husks
  A yaktaur (Vaults:1)
  2 ogres (D:11)
  4 foxfires (Swamp:2)
  9 fungi
  22 plants
41 creatures vanquished.

Grand Total: 1641 creatures vanquished

Notes
Turn   | Place    | Note
-------+----------+-------------------------------------------
     0 | D:1      | zishaf the Vine Stalker Brigand began the quest for the
                  | Orb.
     0 | D:1      | Reached XP level 1. HP: 11/11 MP: 2/2
     2 | D:1      | Noticed a draconian
     2 | D:1      | Noticed an armataur
     4 | D:1      | Noticed a tengu
     6 | D:1      | Noticed a spriggan
     6 | D:1      | Noticed a human
     8 | D:1      | Noticed a demigod
     8 | D:1      | Noticed a naga
    10 | D:1      | Noticed a meteoran
    10 | D:1      | Noticed a ghoul
    12 | D:1      | Noticed a gargoyle
    14 | D:1      | Noticed an ogre
    14 | D:1      | Noticed a merfolk
    16 | D:1      | Noticed a minotaur
    18 | D:1      | Noticed a demonspawn
    18 | D:1      | Noticed a formicid
    20 | D:1      | Noticed an elf
    20 | D:1      | Noticed a vine stalker
    22 | D:1      | Noticed a troll
    22 | D:1      | Noticed an octopode
    24 | D:1      | Noticed a felid
    24 | D:1      | Noticed an armataur
    26 | D:1      | Noticed an armataur
    26 | D:1      | Noticed an ogre
   717 | D:1      | Reached skill level 1 in Dodging
   717 | D:1      | Reached XP level 2. HP: 12/15 MP: 3/3
   749 | D:1      | Reached skill level 5 in Stealth
  1098 | D:2      | Reached XP level 3. HP: 17/18 MP: 4/4
  2003 | D:3      | Identified the +1 ring mail of Icejoopt {Contam rElec
                  | Int+4}
  2087 | D:3      | Found a faded altar of an unknown god.
  2297 | D:3      | Gained mutation: Your natural rate of healing is unusually
                  | fast. [Vine Stalker growth]
  2297 | D:3      | Reached XP level 4. HP: 22/23 MP: 5/5
  2670 | D:4      | Noticed an ogre
  2696 | D:4      | Killed an ogre
  2697 | D:4      | Reached XP level 5. HP: 21/28 MP: 3/6
  2753 | D:4      | Noticed a phantom
  2786 | D:4      | Killed a phantom
  2787 | D:4      | Reached XP level 6. HP: 31/32 MP: 5/7
  3034 | D:4      | Found a staircase to the Ecumenical Temple.
  3125 | Temple   | Entered the Ecumenical Temple
  3156 | Temple   | Became a worshipper of Uskayaw the Reveller
  3191 | D:4      | Found a broken altar of Ashenzari.
  3192 | D:4      | Found a stormy altar of Qazlal.
  3193 | D:4      | Found a radiant altar of Vehumet.
  3194 | D:4      | Found a shimmering blue altar of Sif Muna.
  3366 | D:4      | Found Uchyam's Weapon Emporium.
  3437 | D:5      | Entered Level 5 of the Dungeon
  3535 | D:4      | Reached * piety under Uskayaw
  3558 | D:4      | Reached ** piety under Uskayaw
  3565 | D:4      | Reached *** piety under Uskayaw
  3687 | D:5      | Reached skill level 1 in Invocations
  3741 | D:5      | Reached XP level 7. HP: 37/37 MP: 7/9
  3895 | D:5      | Identified the +3 leather armour "Moni" {Str+5}
  4088 | D:5      | Identified the +5 ring mail of the Dozen Wishes {rN++}
  4308 | D:6      | Noticed Pikel
  4335 | D:6      | Killed Pikel
  4336 | D:6      | Reached skill level 5 in Fighting
  4336 | D:6      | Reached skill level 5 in Short Blades
  4336 | D:6      | Gained mutation: You have razor-sharp teeth. [Vine Stalker
                  | growth]
  4336 | D:6      | Reached XP level 8. HP: 41/43 MP: 6/12
  4511 | D:6      | Reached skill level 5 in Invocations
  4713 | D:6      | Reached XP level 9. HP: 43/47 MP: 14/14
  4816 | D:6      | Noticed Menkaure
  4822 | D:6      | Killed Menkaure
  4956 | D:6      | Noticed Maggie
  4964 | D:6      | Killed Maggie
  5037 | D:6      | Noticed Edmund
  5048 | D:6      | Killed Edmund
  5338 | D:7      | Noticed Duvessa
  5351 | D:7      | Killed Duvessa
  5355 | D:7      | Noticed Dowan
  5391 | D:7      | Killed Dowan
  5545 | D:7      | Found a large runed translucent door.
  5545 | D:7      | Found a large runed translucent door.
  5547 | D:7      | Noticed Darkkill's ghost (novice DrHu)
  5567 | D:7      | You fall into a shaft and drop 1 floor!
  5604 | D:8      | Found a runed translucent door.
  5605 | D:8      | Found a shimmering altar of Xom.
  5605 | D:8      | Noticed a +1 spear of chaos
  5605 | D:8      | Noticed ytrimaz's ghost (novice DjTm)
  5648 | D:8      | Found a staircase to the Lair.
  5649 | D:8      | Noticed a komodo dragon
  5679 | D:8      | Killed a komodo dragon
  5680 | D:8      | Reached skill level 1 in Evocations
  5746 | D:8      | Found a transporter.
  5811 | D:8      | Identified the amulet of Incredulity {Acrobat Harm Regen+}
  5811 | D:8      | Noticed a cyclops
  5813 | D:8      | Found a transporter.
  5813 | D:8      | Noticed a troll
  5861 | D:7      | Identified a scroll of acquirement
  5861 | D:7      | Acquired a manual of Fighting
  5953 | D:7      | Identified the +3 morningstar of Blood {venom, Fly rPois
                  | rCorr}
  6087 | D:7      | Reached XP level 10. HP: 53/53 MP: 14/17
  6151 | D:7      | Reached **** piety under Uskayaw
  6489 | D:7      | Killed Darkkill's ghost
  6715 | D:8      | Found a glowing golden altar of the Shining One.
  6912 | D:8      | Found an ornate altar of the Wu Jian Council.
  7205 | D:9      | Noticed a two-headed ogre
  7214 | D:9      | Noticed Joseph
  7223 | D:9      | Killed a two-headed ogre
  7233 | D:9      | Killed Joseph
  7329 | D:9      | Noticed Amaemon
  7329 | D:9      | Noticed an orange demon
  7346 | D:9      | Reached ***** piety under Uskayaw
  7354 | D:9      | Killed an orange demon
  7360 | D:9      | Reached XP level 11. HP: 47/60 MP: 17/19
  7362 | D:9      | Reached ****** piety under Uskayaw
  7363 | D:9      | Killed Amaemon
  7383 | D:9      | Reached skill level 10 in Invocations
  7408 | D:9      | Noticed a boulder beetle
  7470 | D:9      | Killed a boulder beetle
  7682 | D:9      | Found a staircase to the Orcish Mines.
  8115 | D:8      | Killed a cyclops
  8154 | D:8      | Identified the +1 dagger "Uxzuriub" {pain, rPois}
  8229 | D:10     | Entered Level 10 of the Dungeon
  8327 | D:10     | Found an iron altar of Okawaru.
  8338 | D:10     | Found an ancient bone altar of Kikubaaqudgha.
  8415 | D:10     | Noticed a boulder beetle
  8452 | D:10     | Killed a boulder beetle
  8458 | D:10     | Noticed a centaur warrior
  8472 | D:10     | Killed a centaur warrior
  8473 | D:10     | Reached skill level 10 in Fighting
  8603 | D:10     | Reached XP level 12. HP: 55/68 MP: 15/22
  8734 | D:10     | Found the +8 frozen axe "Frostbite" {freezing cloud, *Noise
                  | Fly rC+}
  9306 | D:11     | Found a transporter.
  9308 | D:11     | Found a transporter.
  9309 | D:11     | Noticed a boulder beetle
  9309 | D:11     | Noticed a boulder beetle
  9309 | D:11     | Noticed a boulder beetle
  9378 | D:11     | Noticed Lodul
  9407 | D:11     | Killed Lodul
  9634 | D:11     | Found a snail-covered altar of Cheibriados.
  9726 | D:11     | Killed a boulder beetle
  9734 | D:11     | Killed a boulder beetle
  9739 | D:11     | Killed a boulder beetle
  9884 | Lair:1   | Entered Level 1 of the Lair of Beasts
 10061 | Lair:1   | Found a runed translucent gate.
 10061 | Lair:1   | Found a runed translucent gate.
 10061 | Lair:1   | Found a runed translucent gate.
 10063 | Lair:1   | Noticed pigah's ghost (journeyman OpAE)
 10094 | Lair:1   | Killed pigah's ghost
 10881 | Lair:2   | Reached skill level 1 in Long Blades
 10881 | Lair:2   | Reached skill level 1 in Shields
 10881 | Lair:2   | Reached XP level 13. HP: 43/76 MP: 19/24
 11121 | Lair:2   | Found a staircase to the Snake Pit.
 11419 | Lair:3   | Noticed Gastronok
 11457 | Lair:3   | Reached skill level 15 in Invocations
 11457 | Lair:3   | Killed Gastronok
 11625 | Lair:3   | Found a staircase to the Swamp.
 12682 | Lair:4   | Reached XP level 14. HP: 84/84 MP: 26/26
 13315 | Lair:5   | Entered Level 5 of the Lair of Beasts
 13466 | Lair:5   | Reached skill level 5 in Shields
 13513 | Lair:5   | Reached skill level 5 in Long Blades
 13560 | Lair:5   | Found a viscous altar of Jiyva.
 13560 | Lair:5   | Found a staircase to the Slime Pits.
 14598 | Lair:5   | Reached XP level 15. HP: 88/88 MP: 28/28
 15127 | D:8      | Killed ytrimaz's ghost
 15660 | D:12     | Reached skill level 15 in Fighting
 15754 | D:12     | Found an opulent altar of Gozag.
 15755 | D:12     | Acquired the +3 buckler "Seul" {rPois}
 16642 | D:13     | Found Zepratt's Magic Scroll Emporium.
 16650 | D:13     | Bought a scroll of magic mapping for 120 gold pieces
 17069 | D:14     | Found a gate leading to a gauntlet.
 17078 | Gauntlet | Entered a Gauntlet
 17078 | Gauntlet | Found a runed translucent gate.
 17078 | Gauntlet | Found a transporter.
 17078 | Gauntlet | Found a runed translucent gate.
 17078 | Gauntlet | Found a runed translucent gate.
 17078 | Gauntlet | Found a transporter.
 17086 | Gauntlet | Found a transporter.
 17090 | Gauntlet | Found a transporter.
 17098 | Gauntlet | Found a transporter.
 17102 | Gauntlet | Found a transporter.
 17110 | Gauntlet | Found a transporter.
 17127 | Gauntlet | Found a transporter.
 17145 | Gauntlet | Found a transporter.
 17145 | Gauntlet | Found a transporter.
 17156 | Gauntlet | Found a transporter.
 17160 | Gauntlet | Found a transporter.
 17314 | Gauntlet | Identified the +1 helmet of Orthodoxy {Rampage Dex+5}
 17344 | Gauntlet | Identified the amulet of Mautohuf {Fly Regen+}
 17448 | D:14     | Found a gate to the Vaults.
 17467 | D:14     | Reached skill level 10 in Stealth
 17528 | D:14     | Found a broken altar of Ashenzari.
 18516 | D:15     | Entered Level 15 of the Dungeon
 18635 | D:15     | Noticed a fire giant
 18646 | D:15     | Killed a fire giant
 18792 | D:15     | Found a staircase to the Depths.
 18885 | D:15     | Acquired a manual of Evocations
 18908 | D:15     | Found a stormy altar of Qazlal.
 19260 | Orc:1    | Entered Level 1 of the Orcish Mines
 19301 | Orc:1    | Found Xehycsepro's Jewellery Shop.
 19309 | Orc:1    | Bought the ring of Shadows {Umbra +Inv Stlth+} for 480 gold
                  | pieces
 19309 | Orc:1    | Found the ring of Shadows {Umbra +Inv Stlth+}
 19338 | Orc:1    | Found Xaudd's Assorted Antiques.
 19346 | Orc:1    | Bought a scroll of blinking for 247 gold pieces
 19354 | Orc:1    | Found Dygoabil's Assorted Antiques.
 19385 | Orc:1    | Found Xiseziluig's Assorted Antiques.
 19455 | Orc:1    | Reached XP level 16. HP: 86/95 MP: 27/30
 19791 | Orc:2    | Entered Level 2 of the Orcish Mines
 19803 | Orc:2    | Found Wumiazon's Antique Armour Shop.
 19882 | Orc:2    | Found a staircase to the Elven Halls.
 19911 | Orc:2    | Found Julana's General Store.
 20045 | Orc:2    | Found a flickering gateway to a bazaar.
 20054 | Bazaar   | Entered a bazaar
 20054 | Bazaar   | Found Veygoenai's Antique Weapon Emporium.
 20054 | Bazaar   | Found Tegac's Antique Armour Shoppe.
 20054 | Bazaar   | Found Umo Xosm's Armour Shoppe.
 20054 | Bazaar   | Found Gysakuev's Distillery.
 20054 | Bazaar   | Found Tewkodu's Armour Shoppe.
 20072 | Bazaar   | Bought a +0 cloak of poison resistance for 59 gold pieces
 20087 | Bazaar   | Bought a pair of glowing gloves for 195 gold pieces
 20089 | Bazaar   | Bought a pair of runed gloves for 195 gold pieces
 20111 | Bazaar   | Bought a polished ring mail for 234 gold pieces
 20111 | Bazaar   | Identified the +1 ring mail "Zacu" {rC++} (You bought it in
                  | a shop in a bazaar)
 20324 | Orc:2    | Found Naigeh's Antique Weapon Emporium.
 20324 | Orc:2    | Found Danef's Distillery.
 20352 | Orc:2    | Bought a potion of mutation for 88 gold pieces
 20393 | Orc:2    | Found Luowuuh's Assorted Antiques.
 20393 | Orc:2    | Found Sisatham's Weapon Shop.
 20404 | Orc:2    | Reached skill level 5 in Evocations
 20629 | Orc:2    | Found Sofi's Antique Armour Emporium.
 20678 | Orc:2    | Noticed Maurice
 20685 | Orc:2    | Killed Maurice
 21032 | Orc:2    | Bought the +12 pair of quick blades "Gyre" and "Gimble"
                  | {protect} for 1360 gold pieces
 21032 | Orc:2    | Found the +12 pair of quick blades "Gyre" and "Gimble"
                  | {protect}
 21206 | Depths:1 | Entered Level 1 of the Depths
 21510 | Depths:1 | Found Piryatas's Jewellery Shop.
 21511 | Depths:1 | Found Ylaolo's Book Emporium.
 21511 | Depths:1 | Found Vewirile's Book Emporium.
 21590 | Depths:1 | Found a one-way gateway to a ziggurat.
 21628 | Depths:1 | Found Asouh's Vocational Training.
 22221 | Depths:1 | Reached XP level 17. HP: 101/101 MP: 31/31
 22277 | Depths:1 | Found a gateway to Hell.
 22796 | Snake:1  | Entered Level 1 of the Snake Pit
 22879 | Snake:1  | Reached skill level 10 in Evocations
 23378 | Snake:2  | Found a frozen archway.
 23399 | IceCv    | Entered an ice cave
 23899 | IceCv    | Got the Secrets of Vitiation
 23904 | IceCv    | Identified the +6 rapier of Earthquakes {chaos, rF++ rN+}
 24130 | Snake:2  | You are sucked into a shaft and drop 1 floor!
 24166 | Snake:3  | Found Kaxaecw's Weapon Boutique.
 24189 | Snake:3  | Noticed Vashnia
 24195 | Snake:3  | Killed Vashnia
 24196 | Snake:3  | Reached XP level 18. HP: 108/108 MP: 31/33
 24399 | Snake:2  | Reached skill level 1 in Armour
 24409 | Snake:2  | Found Dalas's Armour Boutique.
 24853 | Snake:3  | Noticed Aizul
 24858 | Snake:3  | Killed Aizul
 25055 | Snake:3  | Noticed Mara
 25065 | Snake:3  | Killed Mara
 25695 | Snake:4  | Entered Level 4 of the Snake Pit
 25909 | Swamp:1  | Entered Level 1 of the Swamp
 26585 | Swamp:2  | Noticed a tentacled monstrosity
 26593 | Swamp:2  | Killed a tentacled monstrosity
 27013 | Swamp:3  | Found an ancient bone altar of Kikubaaqudgha.
 27043 | Swamp:3  | Got the Book of Left-Handed Rituals
 27353 | Swamp:3  | Noticed Nikola
 27362 | Swamp:3  | Killed Nikola
 27729 | Snake:4  | Reached XP level 19. HP: 114/114 MP: 34/34
 27789 | Snake:4  | Reached skill level 5 in Dodging
 27871 | Snake:4  | Identified the +4 scale mail of Chimes {rF+ Str+4 Int+3
                  | Stlth+}
 27913 | Snake:4  | Reached skill level 5 in Armour
 28103 | Snake:4  | Got a serpentine rune of Zot
 28720 | Swamp:4  | Entered Level 4 of the Swamp
 29037 | Swamp:4  | Got a decaying rune of Zot
 29832 | Depths:2 | Found Xanoudus's Antique Armour Shop.
 29834 | Depths:2 | Reached XP level 20. HP: 116/121 MP: 35/35
 30031 | Depths:2 | Found a one-way gate leading to the halls of Pandemonium.
 30717 | Vaults:1 | Entered Level 1 of the Vaults
 30725 | D:14     | Gained mutation: You possess an exceptional clarity of
                  | mind. [potion of mutation]
 32051 | Vaults:2 | Reached XP level 21. HP: 116/128 MP: 36/36
 32355 | Vaults:2 | Found Deuthrur's Jewellery Emporium.
 32538 | Vaults:2 | Noticed a bone dragon
 32540 | Vaults:2 | Found a staircase to the Crypt.
 32548 | Vaults:2 | Killed a bone dragon
 33447 | Depths:1 | Bought a manual of Invocations for 1440 gold pieces
 33846 | Vaults:3 | Identified the +3 chain mail of Lust {rN+ rCorr Str+3}
 34065 | Vaults:3 | Found a transporter.
 34065 | Vaults:3 | Found a transporter.
 34172 | Vaults:3 | Identified the +2 hat "Iplumos" {rC+ Dex+2 Slay+3}
 34360 | Vaults:3 | Noticed Sojobo
 34363 | Vaults:3 | Reached skill level 10 in Armour
 34367 | Vaults:3 | Killed Sojobo
 34368 | Vaults:3 | Reached XP level 22. HP: 137/137 MP: 28/37
 34514 | Vaults:3 | Found Kiry's Armour Boutique.
 34624 | Abyss:2  | Cast into level 2 of the Abyss (a wizard)
 34625 | Abyss:2  | Found a corrupted altar of Lugonu.
 34729 | Abyss:2  | Found a corrupted altar of Lugonu.
 34755 | Abyss:2  | Paralysed by you for 4 turns
 35172 | Vaults:3 | Escaped the Abyss
 35307 | Vaults:3 | Noticed Saint Roka
 35324 | Vaults:3 | Killed Saint Roka
 35432 | Vaults:3 | Noticed Boris
 35441 | Vaults:3 | Killed Boris
 35749 | Vaults:4 | Identified the +3 buckler "Cisoros" {rCorr}
 36320 | Vaults:4 | Found Emeu's Armour Shoppe.
 36683 | Vaults:4 | Gained mutation: Your body sometimes deteriorates upon
                  | taking damage. [mutagenic glow]
 36707 | Vaults:4 | Gained mutation: You occasionally shout uncontrollably at
                  | your foes. [mutagenic glow]
 36723 | Vaults:4 | Gained mutation: Your spells are a little easier to cast,
                  | but a little less powerful. [mutagenic glow]
 36740 | Vaults:4 | Lost mutation: Your spells are a little easier to cast, but
                  | a little less powerful. [potion of mutation]
 36740 | Vaults:4 | Lost mutation: Your body sometimes deteriorates upon taking
                  | damage. [potion of mutation]
 36740 | Vaults:4 | Lost mutation: You possess an exceptional clarity of mind.
                  | [potion of mutation]
 36740 | Vaults:4 | Gained mutation: You have hidden genetic potential. [potion
                  | of mutation]
 36981 | Orc:1    | Bought a scroll of enchant armour for 187 gold pieces
 37027 | Orc:2    | Bought a scroll of enchant armour for 232 gold pieces
 37345 | Elf:1    | Entered Level 1 of the Elven Halls
 37356 | Elf:1    | Reached XP level 23. HP: 144/144 MP: 39/39
 37851 | Elf:1    | Got the Compilation of Combat Magic
 38114 | Elf:2    | Noticed Asterion
 38127 | Elf:2    | Killed Asterion
 38213 | Elf:2    | Found a runed translucent gate.
 38214 | Elf:2    | Found a runed translucent gate.
 38214 | Elf:2    | Found a runed translucent gate.
 38255 | Elf:2    | Paralysed by an air elemental for 1 turns
 38298 | Elf:2    | Found a portal to a secret trove of treasure.
 38335 | Elf:2    | Identified the +3 leather armour of Clean Lucidity {rElec
                  | rF+ rC+ Will-}
 39009 | Elf:3    | Entered Level 3 of the Elven Halls
 39101 | Elf:3    | Found Udwirush's Antique Weapon Boutique.
 39120 | Elf:3    | Identified the +3 scale mail "Woxu Vuj" {Rampage Drain
                  | rElec rCorr}
 39177 | Elf:3    | Found the +15 Maxwell's patent armour {-Cast -Tele rElec
                  | Will+ rCorr}
 39499 | Elf:3    | Killed from afar by a ghostly deep elf sorcerer

Illustrated notes

Levels and vault maps discovered:
D:1:      kb_arrival_jail, layout_basic
D:2:      layout_basic
D:3:      layout_rooms, shapermc_ecumenical_altar_venn
D:4:      layout_basic, mainiacjoe_overflow_alcove_3,
          minmay_temple_entry_glassed_door, serial_shops,
          nicolae_shop_bloodbath_and_beyond
D:5:      layout_cave_pools
D:6:      layout_basic, grunt_decor_junction, uniq_maggie, uniq_edmund,
          uniq_pikel, uniq_menkaure
D:7:      layout_loops_ring, ebering_ghost_disaster_area, the_hattery,
          uniq_duvessa
D:8:      gammafunk_beogh_shrine, layout_basic, nicolae_tso_swordbearing_angel,
          mainiacjoe_overflow_alcove_4, david_lair_shrubbed, ebering_ghost_xom
D:9:      layout_big_octagon, erik_orc_4, serial_park, serial_park_paths
          [serial_park_minivault_5x5_8], serial_park_tiny_pond,
          serial_park_square1 [serial_park_minivault_5x5_1], serial_park_tiny_2,
          serial_park_tiny_1, uniq_amaemon, uniq_joseph
D:10:     minmay_coctagon, layout_small_grid, amethyst_overflow_temple_binary
D:11:     gammafunk_boulding_lane, layout_long_grid, cheibriados_altar_1,
          uniq_lodul
D:12:     layout_basic, nicolae_gozag_cash_rules_everything_around_me
D:13:     layout_basic, serial_shops, nicolae_square_shop
D:14:     layout_layer_cave, lightli_vaults_fourway_checkpoint,
          gauntlet_entry_generic, nicolae_ashenzari_skybound
D:15:     grunt_enter_depths_giant_problem, layout_loops_ring,
          chequers_mini_garden, nicolae_qazlal_style_of_elements
Temple:   nicolae_temple_great_sept
Lair:1:   beast_lair_carwin_large_2, layout_misc_corridors,
          ebering_ghost_rock_garden
Lair:2:   layout_regular_city, dummy_snake_entry
Lair:3:   layout_regular_city, palyth_hydra_swamp_entry, dpeg_stationary_puzzle,
          uniq_gastronok
Lair:4:   layout_misc_corridors, lemuel_fruit_tree
Lair:5:   evilmike_catoblepas_cave, layout_layer_cave, slime_entry_1,
          grunt_megastairs_5, infiniplex_staircase_pool_2, lemuel_fruit_fields,
          serial_bayou_shore_a
Swamp:1:  layout_falls_marsh, evilmike_swamp_ruin_rubble_2
Swamp:2:  layout_falls_marsh, evilmike_swamp_ruin_house_1
Swamp:3:  layout_basic_swamp, nicolae_swamp_little_tower, swamp_pool1,
          beargit_kiku_chapel, uniq_nikola
Swamp:4:  swamp, layout_basic_swamp, hangedman_swamp_pad
Snake:1:  layout_concentric_octagons
Snake:2:  layout_rooms, serial_shops, shop, portal_ice_cave_entry_ugly_swarm,
          nicolae_snake_single_loop
Snake:3:  layout_grid_maze, serial_shops,
          nicolae_shop_temple_entry_statues_fountains, uniq_vashnia, uniq_mara,
          uniq_aizul
Snake:4:  grunt_snake_rune_pools, layout_misc_corridors
Orc:1:    layout_caves, serial_shops, shop, nicolae_shop_advertising_works
          [nicolae_subvault_shop_adworks], shop, shop, guppyfry_library_mini
Orc:2:    st_orc_town, layout_diamond_mine, serial_shops, bzr_in_the_mist,
          nicolae_shop_crystal, shop, shop_fountains, uniq_maurice
Elf:1:    nicolae_elf_arrival_no_cutting_in_line, layout_gridlike,
          minmay_elf_annihilation
Elf:2:    nicolae_elf_blades_crystal_corner, layout_gridlike,
          nicolae_trove_entry_isolated, uniq_asterion
Elf:3:    minmay_elf_hall_x, layout_gridlike, serial_shops,
          nicolae_shop_statue_plus, st_stairs_7, dreamdust_deal_with_the_devil
Vaults:1: ontoclasm_vaults_misaligned, grunt_vaults_swirl,
          nicolae_vaults_little_squares_5, v_rooms_5, hangedman_vaults_slice,
          hangedman_vaults_impose, ontoclasm_vaults_decontamination,
          grunt_vaults_hallway_long, grunt_vaults_hallway_short,
          ontoclasm_vaults_ring_square, layout_vaults_chaotic_city
Vaults:2: ontoclasm_vaults_eye, nicolae_vaults_know_your_exits,
          hangedman_vaults_corner_blocks, minmay_crypt_entry_nasty_monster,
          v_rooms_2, nicolae_vaults_little_squares_5,
          nicolae_vaults_ring_of_whatevers, hangedman_vaults_pinch,
          vaults_room_hallway, hangedman_vaults_stream, hangedman_vaults_slice,
          v_pattern_1, nicolae_vaults_ring_of_whatevers, vaults_room_semicircle,
          layout_vaults_omnicross, serial_shops, shop
Vaults:3: nicolae_vaults_little_squares_1, grunt_vaults_twisty,
          hangedman_vaults_nails, v_misc_2, ontoclasm_vaults_misaligned,
          v_misc_5, v_alt_pattern_4, nicolae_vaults_big_angled_halls,
          dpeg_vaults_monster_row, dpeg_vaults_monster_box, gammafunk_the_bubble
          [the_bubble_gammafunk_crates], layout_vaults_omnibox, uniq_boris,
          uniq_margery, uniq_sojobo, uniq_saint_roka
Vaults:4: st_hourglassy, v_pattern_4, nicolae_vaults_network_s,
          nicolae_vaults_big_ls, v_alt_pattern_3, v_misc_31,
          ontoclasm_vaults_chip, hangedman_vaults_variations,
          vaults_room_hallway, vaults_room_mumra_shop_pool,
          ontoclasm_vaults_pinch, nicolae_vaults_theta,
          nicolae_vaults_angled_halls, layout_vaults_ring
Depths:1: layout_honeycomb, enter_ziggurat_c, grunt_hell_entry_dis_old,
          minmay_misc_feat_square, nicolae_shop_vocational,
          roderic_lattice_octagonal_star, serial_bayou_shore_b,
          minmay_shop_grove
Depths:2: evilmike_marble_ring, layout_cave_pools, hell_entry, serial_shops,
          shop_statue, grunt_pan_entry_spiral
Depths:3: grunt_double_whammy, layout_honeycomb, abyss_entry, serial_shops,
          shop, pf_vacation_house_of_asmodeus, ebering_ghost_xom

Skill      XL: |  1  2  3  4  5  6  7  8  9 10 11 12 13 14 15 16 17 18 19 20 21 22 23 |
---------------+----------------------------------------------------------------------+-----
Dodging        | 1 4 7 9 |  9.0
Stealth        | 5 6 7 8 9 11 12 | 12.0
Fighting       | 2 3 4 5 6 8 10 12 14 15 16 17 18 19 20 22 23 | 23.6
Short Blades   | 2 3 4 5 6 7 8 |  8.0
Throwing       | 2 3 4 |  4.0
Invocations    | 1 4 6 8 9 12 14 15 17 18 19 20 21 22 23 | 23.6
Evocations     | 1 3 4 9 12 14 | 14.0
Long Blades    | 1 4 6 |  6.0
Shields        | 1 4 6 7 8 |  8.3
Armour         | 4 7 9 10 11 12 | 12.9

Action                   |  1- 3 |  4- 6 |  7- 9 | 10-12 | 13-15 | 16-18 | 19-21 | 22-24 || total
-------------------------+-------+-------+-------+-------+-------+-------+-------+-------++-------
Melee: Dagger            |   112 |   113 |   207 |   476 |   995 |   266 |       |       ||  2169
       Bite              |    28 |    42 |    73 |   187 |   462 |   363 |   524 |   400 ||  2079
       Punch             |     2 |     1 |     5 |     4 |       |     1 |       |       ||    13
       Pair of quick bla |       |       |       |       |       |   576 |   976 |   715 ||  2267
Throw: Dart              |     3 |    21 |    19 |     5 |       |       |       |       ||    48
Invok: Grand Finale      |       |       |       |     4 |     3 |     4 |     7 |     5 ||    23
       Stomp             |       |       |       |       |       |     5 |     1 |       ||     6
 Abil: Evoke Invisibilit |       |       |       |       |       |     1 |       |       ||     1
Evoke: Wand              |       |       |       |    10 |     3 |       |       |       ||    13
  Use: Scroll            |       |    10 |     4 |    12 |     7 |     3 |     6 |     3 ||    45
       Potion            |       |       |       |     3 |     1 |       |     1 |     2 ||     7
 Stab: Sleeping          |     5 |     3 |     7 |    18 |    24 |    87 |    54 |       ||   198
       Paralysed         |       |     1 |     6 |    31 |    90 |    89 |   100 |    87 ||   404
       Distracted        |       |       |       |     1 |     4 |    10 |     3 |       ||    18
       Betrayed ally     |       |       |       |     1 |       |       |       |       ||     1
       Petrifying        |       |       |       |       |     3 |       |       |       ||     3
Armor: Robe              |     9 |       |       |       |       |       |       |       ||     9
       Ring mail         |     9 |    22 |    38 |   103 |   256 |   145 |   170 |       ||   743
       Leather armour    |     3 |       |     2 |       |       |       |       |       ||     5
       Crystal plate arm |       |       |       |       |       |       |    77 |   196 ||   273
       Plate armour      |       |       |       |       |       |       |       |    24 ||    24
Dodge: Dodged            |    53 |    30 |    44 |   116 |   171 |   136 |   299 |   117 ||   966
Block: Kite shield       |       |       |       |    10 |   321 |    87 |       |       ||   418
       Tower shield      |       |       |       |       |    39 |       |       |       ||    39

Table legend: (Time is in decaauts)
 A = Elapsed time spent in this place.
 B = Non-inter-level travel time spent in this place.
 C = Inter-level travel time spent in this place.
 D = Time resting spent in this place.
 E = Time spent auto-exploring this place.
 F = Levels seen in this place.
 G = Mean time per level.
                   A        B        C        D        E       F      G
               +--------+--------+--------+--------+--------+-----+--------+
         Total |  36922 |  32370 |   4552 |    521 |  24334 |  45 |  820.5 |
       Dungeon |  14388 |  12068 |   2320 |    130 |   9476 |  15 |  959.2 |
        Temple |     43 |     43 |      0 |      0 |     25 |   1 |   43.0 |
          Lair |   5149 |   4507 |    642 |      0 |   3575 |   5 | 1029.8 |
         Swamp |   2186 |   1951 |    235 |      0 |   1547 |   4 |  546.5 |
     Snake Pit |   3139 |   2836 |    303 |     72 |   2185 |   4 |  784.8 |
  Orcish Mines |   1734 |   1483 |    251 |     80 |    875 |   2 |  867.0 |
   Elven Halls |   1945 |   1866 |     79 |      8 |   1431 |   3 |  648.3 |
        Vaults |   4696 |   4307 |    389 |      6 |   3511 |   4 | 1174.0 |
        Depths |   2199 |   1869 |    330 |     33 |   1448 |   3 |  733.0 |
         Abyss |    479 |    479 |      0 |      0 |      0 |   1 |  479.0 |
        Bazaar |     64 |     64 |      0 |      0 |     14 |   1 |   64.0 |
      Ice Cave |    583 |    583 |      0 |    186 |    146 |   1 |  583.0 |
      Gauntlet |    312 |    312 |      0 |      6 |    101 |   1 |  312.0 |
               +--------+--------+--------+--------+--------+-----+--------+

Top non-repeatable levels by time:
Depths:1: 1472 daAuts
  Lair:5: 1415 daAuts
     D:8: 1384 daAuts
    D:14: 1360 daAuts
  Lair:3: 1331 daAuts
Vaults:1: 1236 daAuts
 Snake:3: 1226 daAuts
Vaults:2: 1201 daAuts
Vaults:4: 1191 daAuts
    D:13: 1154 daAuts
   Orc:2: 1112 daAuts
     D:4: 1072 daAuts
Vaults:3: 1066 daAuts
     D:6: 1063 daAuts
     D:2: 1047 daAuts
